 Dungeon Crawl Stone Soup version 0.28.0-1-gb440e238dd (webtiles) character file.

Game seed: 4946348281876196705

1498 cbfl8 the Covered (level 8, 0/94 HPs)
             Began as a Minotaur Berserker on Feb 20, 2022.
             Was a Priest of Trog.
             Slain by an orc (4 damage)
             ... on level 6 of the Dungeon.
             The game lasted 00:14:13 (5588 turns).

cbfl8 the Covered (Minotaur Berserker)              Turns: 5588, Time: 00:14:13

Health: 0/94       AC: 24    Str: 23    XL:     8   Next: 52%
Magic:  16/16      EV:  2    Int:  4    God:    Trog [***...]
Gold:   221        SH:  0    Dex: 11    Spells: 7/7 levels left

rFire   . . .      SeeInvis .   A - +0 triple crossbow
rCold   . . .      Faith    +   (shield currently unavailable)
rNeg    . . .      Spirit   .   (armour currently unavailable)
rPois   +          Reflect  .   (helmet currently unavailable)
rElec   .          Harm     .   (cloak currently unavailable)
rCorr   .          Rampage  .   (gloves currently unavailable)
Will    ++...      NoTele   +   (boots currently unavailable)
Stlth   +.........              m - amulet of faith
HPRegen 1.25/turn               d - ring of magical power
MPRegen 0.15/turn               (no ring)

@: lethally poisoned (0 -> -1), tree-form, strong-willed, on berserk cooldown,
attractive, regenerating, slowed, very slow
A: stationary, stasis, torment immunity, boosted hp, (horns 2), (retaliatory
headbutt), (deformed body), deterioration 1, frail 1, (poison resistance)
a: Renounce Religion, Berserk, Trog's Hand


You were on level 6 of the Dungeon.
You worshipped Trog.
Trog was most pleased with you.
You were a tree.
You visited 2 branches of the dungeon, and saw 7 of its levels.

You collected 221 gold pieces.

Inventory:

Hand Weapons
 a - a +0 hand axe
 j - a +3 vorpal rapier
 t - a +2 long sword of holy wrath
 A - a +0 triple crossbow (weapon)
Missiles
 B - 8 poisoned darts
 C - 45 arrows
 D - 9 bolts (quivered ammo)
Armour
 b - a +0 animal skin
 f - a +0 chain mail (melded)
 n - a +0 pair of gloves (melded)
Magical Staves
 p - a staff of poison
Jewellery
 d - a ring of magical power (left branch)
 m - an amulet of faith (around neck)
Wands
 y - a wand of mindburst (14)
 z - a wand of flame (13)
Scrolls
 g - a scroll of magic mapping {unknown}
 i - a scroll of immolation {unknown}
 k - 2 scrolls of blinking
 l - a scroll of fog {unknown}
 q - a scroll of brand weapon
 u - a scroll of identify
 v - a scroll of amnesia {unknown}
 w - a scroll of holy word {unknown}
 x - 3 scrolls of teleportation
Potions
 c - a potion of lignification
 e - 2 potions of haste
 r - a potion of cancellation {unknown}
 s - a potion of attraction


   Skills:
 + Level 6.8 Fighting
 + Level 4.1(5.5) Short Blades
 + Level 6.2(6.9) Long Blades
 + Level 4.6 Axes
 + Level 2.0 Crossbows
 + Level 6.8 Armour
 + Level 2.9 Dodging
 + Level 1.1 Stealth


You had 7 spell levels left.
You didn't know any spells.
Your spell library contained the following spells:

 Spells                   Type           Power      Damage    Failure   Level
 Call Canine Familiar     Summ           0%         N/A       86%         3
 Portal Projectile        Hex/Tloc       0%         N/A       86%         3
 Leda's Liquefaction      Hex/Erth       0%         N/A       99%         4
 Fireball                 Conj/Fire      0%         3d3       100%        5
 Iskenderun's Battlesphe  Conj           0%         2d6       100%        5
 Summon Forest            Summ/Tloc      0%         N/A       100%        5
 Conjure Ball Lightning   Conj/Air       0%         3x3d6     100%        6
 Eringya's Noxious Bog    Tmut/Pois      0%         N/A       100%        6
 Orb of Destruction       Conj           0%         9d5       100%        7
 Summon Hydra             Summ           0%         N/A       100%        7


Dungeon Overview and Level Annotations

Branches:
Dungeon (6/15)             Temple (1/1) D:4

Altars:
Dithmenos
Elyvilon
Fedhas
Gozag
Hepliaklqana
Kikubaaqudgha
Makhleb
Nemelex Xobeh
Okawaru
Sif Muna
Trog
Vehumet
Xom
Zin
The Shining One

Annotations:
D:6 Edmund


Innate Abilities, Weirdness & Mutations

You are a tree.
Your roots penetrate the ground, keeping you stationary.
You cannot be teleported.
You are immune to unholy pain and torment.
Your maximum health is greatly increased.
Your equipment is partially melded.
((You have a pair of horns on your head.))
((You reflexively headbutt those who attack you in melee.))
((Armour fits poorly on your strangely shaped body.))
Your body sometimes deteriorates upon taking damage.
You are frail. (-10% HP)
((Your system is resistant to poisons. (rPois)))


Message History

You are no longer berserk.
You are exhausted.
You feel yourself slow down.
The orc seems to regain its courage.
The orc is attracted toward you. The iguana is attracted toward you.
Edmund is attracted toward you. The adder is attracted toward you.
Your Long Blades skill increases to level 6!
Your Crossbows skill gained 2 levels and is now at level 2!
Your Stealth skill increases to level 1!
Okay, then.
You cannot move.
Okay, then.
As you read the scroll labelled KIEMIE ORAEG, it crumbles to dust.
It is a scroll of identify.
k - 2 scrolls of blinking The adder seems to regain its courage.
The orc hits you with a +0 falchion.
* * * LOW HITPOINT WARNING * * *
The orc hits you but does no damage. The orc is attracted toward you.
Edmund is attracted toward you. The iguana is attracted toward you.
You cannot blink because you are held in place by your roots.
You cannot move.
You cannot move.
Okay, then.
Your skin crawls.
You feel strong-willed.
You can no longer call in reinforcements.
Edmund wails, "Help!"
The orc hits you but does no damage.
Edmund cowers, then darts away.
The orc is attracted toward you. Edmund is attracted toward you.
The iguana is attracted toward you.
You cannot move.
It was a potion of mutation.
You feel extremely strange.
You feel yourself wasting away.
Your body twists and deforms.
You feel frail.
You feel resistant to poisons. The adder bites you.
* * * LOW HITPOINT WARNING * * *
You are poisoned.
The adder poisons you! The adder bites you but does no damage.
The orc hits you with a +0 falchion.
You die...

#.##.#.#.
##.>......
...=......
(....§...
...o@l...
#(§(.....
#S)......
#♣o(.....
#.####...
#.# #.#
..# ...
... ....


You could see Edmund (fleeing), an iguana (fleeing), an adder and 2 orcs.

Vanquished Creatures
  Maggie (D:6)
  Grinder (D:4)
  2 water moccasins
  A necrophage (D:5)
  An ogre (D:6)
  A kobold brigand (D:4)
  A hound (D:5)
  A centaur skeleton (D:4)
  2 orc priests
  A bullfrog skeleton (D:4)
  Natasha (thrice) (D:4)
  2 iguanas
  3 orc wizards
  3 hound skeletons
  8 adders
  3 worms
  A dart slug (D:1)
  10 orcs
  8 ball pythons
  12 endoplasms
  A giant cockroach (D:1)
  8 goblins
  6 hobgoblins
  5 jackals
  3 quokkas
  4 bats
  4 frilled lizards
  16 kobolds
  6 rats
118 creatures vanquished.

Vanquished Creatures (others)
  3 fungi (D:1)
  2 plants (D:1)
5 creatures vanquished.

Grand Total: 123 creatures vanquished

Notes
Turn   | Place    | Note
-------+----------+-------------------------------------------
     0 | D:1      | cbfl8 the Minotaur Berserker began the quest for the Orb.
     0 | D:1      | Reached XP level 1. HP: 19/19 MP: 0/0
   168 | D:1      | Found a faded altar of an unknown god.
   439 | D:1      | Reached XP level 2. HP: 24/27 MP: 1/1
  1505 | D:2      | Reached XP level 3. HP: 33/33 MP: 2/2
  1693 | D:2      | Reached ** piety under Trog
  2485 | D:3      | Reached XP level 4. HP: 40/41 MP: 3/3
  2506 | D:3      | Reached skill level 1 in Short Blades
  3335 | D:4      | Reached XP level 5. HP: 44/47 MP: 4/4
  3376 | D:4      | Noticed Grinder
  3378 | D:4      | Paralysed by Grinder for 2 turns
  3388 | D:4      | Reached *** piety under Trog
  3389 | D:4      | Killed Grinder
  3390 | D:4      | Reached skill level 1 in Long Blades
  3390 | D:4      | Reached XP level 6. HP: 42/55 MP: 5/5
  3401 | D:4      | HP: 1/55 [iguana (10)]
  3653 | D:4      | Reached skill level 5 in Fighting
  3653 | D:4      | Found a staircase to the Ecumenical Temple.
  3670 | Temple   | Entered the Ecumenical Temple
  4174 | D:4      | Noticed Natasha
  4181 | D:4      | Killed Natasha
  4189 | D:4      | Reached XP level 7. HP: 46/61 MP: 6/6
  4420 | D:4      | Noticed Natasha
  4432 | D:4      | Killed Natasha
  4440 | D:4      | Noticed Natasha
  4513 | D:4      | Killed Natasha
  4514 | D:4      | Reached skill level 5 in Armour
  4530 | D:5      | Entered Level 5 of the Dungeon
  5557 | D:6      | Noticed Maggie
  5561 | D:6      | Reached skill level 5 in Long Blades
  5561 | D:6      | Reached XP level 8. HP: 71/71 MP: 7/7
  5561 | D:6      | Noticed Edmund
  5585 | D:6      | Killed Maggie
  5585 | D:6      | Reached **** piety under Trog
  5586 | D:6      | Reached skill level 1 in Stealth
  5586 | D:6      | HP: 5/106 [orc (2)]
  5588 | D:6      | Gained mutation: Your body sometimes deteriorates upon
                  | taking damage. [potion of mutation]
  5588 | D:6      | Gained mutation: Armour fits poorly on your strangely
                  | shaped body. [potion of mutation]
  5588 | D:6      | Gained mutation: You are frail. (-10% HP) [potion of
                  | mutation]
  5588 | D:6      | Gained mutation: Your system is resistant to poisons.
                  | (rPois) [potion of mutation]
  5588 | D:6      | Slain by an orc

Illustrated notes

Levels and vault maps discovered:
D:1:      dpeg_arrival_rooms_with_view, layout_basic,
          shapermc_ecumenical_altar_hornbeckon
D:2:      layout_loops_cross
D:3:      layout_rooms, serial_bayou_pond_d, grunt_ministairs_9,
          chequers_serial_rivers_large_b, roderic_roman_lattice
D:4:      layout_basic, minmay_temple_entry_statues_pillars, uniq_grinder,
          uniq_natasha
D:5:      layout_loops_ring
D:6:      layout_rooms, lemuel_crystal_altar, grunt_temple_overflow_open,
          uniq_edmund, uniq_maggie
Temple:   regret_index_temple_generic_petals

Skill      XL: |  1  2  3  4  5  6  7  8 |
---------------+-------------------------+-----
Fighting       | 4 5 6 |  6.8
Axes           | 4 |  4.6
Armour         | 3 4 6 |  6.8
Short Blades   | 3 4 |  4.1
Long Blades    | 1 2 5 6 |  6.2
Crossbows      | 2 |  2.0
Stealth        | 1 |  1.1
Dodging        | |  2.9

Action                   |  1- 3 |  4- 6 |  7- 9 || total
-------------------------+-------+-------+-------++-------
Melee: Hand axe          |    46 |       |       ||    46
       Headbutt          |    12 |     6 |    12 ||    30
       Rapier            |    43 |    25 |       ||    68
       Long sword        |       |    57 |    84 ||   141
       Punch             |       |       |     1 ||     1
       Triple crossbow   |       |       |    10 ||    10
 Fire: Triple crossbow   |       |       |    11 ||    11
Invok: Berserk           |       |     1 |     1 ||     2
       Trog's Hand       |       |     2 |     2 ||     4
  Use: Potion            |       |     4 |     3 ||     7
       Scroll            |       |     2 |     3 ||     5
 Stab: Fleeing           |       |       |     2 ||     2
Armor: Chain mail        |    41 |    86 |    82 ||   209
       Animal skin       |     7 |       |       ||     7
       Skin              |       |     9 |     7 ||    16
Dodge: Dodged            |    58 |    55 |    62 ||   175
